 Dungeon Crawl Stone Soup version 0.21.1-1-g345015f (webtiles) character file.

164329 n0claF the Markscentaur (level 17, -16/145 HPs)
             Began as a Centaur Hunter on June 25, 2018.
             Was the Champion of Okawaru.
             Demolished by Dissolution (18 damage)
             ... while paralysed by a floating eye
             ... on level 3 of the Pits of Slime.
             The game lasted 02:00:19 (36405 turns).

n0claF the Markscentaur (Centaur Hunter)           Turns: 36405, Time: 02:00:19

Health: -16/145    AC: 22    Str: 20    XL:     17   Next: 25%
Magic:  18/18      EV:  1    Int: 12    God:    Okawaru [******]
Gold:   2725       SH:  0    Dex: 20    Spells: 16/16 levels left

rFire    + . .     SeeInvis .   a - +4 longbow of Fewiust {velocity, rPois rF+}
rCold    + . .     Gourm    .   (shield currently unavailable)
rNeg     + + +     Faith    +   S - +1 ring mail "Esunk" {rPois MR+ Str-2 Slay+3}
rPois    +         Spirit   .   Y - +2 hat
rElec    .         Reflect  .   W - +2 cloak of Curiosity {rN+ MR+ Int+2 Slay+3}
rCorr    .         Harm     .   y - +0 pair of gloves of Prudence {rC+ rN+ Str+4}
MR       +++..                  V - +10 Black Knight's horse barding {ponderous, rPois rN+}
Stlth    +.........             s - amulet of faith {!P}
HPRegen  0.34/turn              q - +4 ring of dexterity
MPRegen  0.16/turn              T - +4 ring of slaying

@: paralysed, corroded, quick
A: large, hooves 3, repulsion field 1, blurry vision 1, deformed body, speed 2,
frail 1, low mp 1, sense surroundings 2, strong 1, tough skin 3, subdued magic 1
a: Heroism, Finesse, Renounce Religion


You were on level 3 of the Pits of Slime.
You worshipped Okawaru.
Okawaru was exalted by your worship.
You were not hungry.

You visited 5 branches of the dungeon, and saw 27 of its levels.
You also visited: Volcano.

You collected 3046 gold pieces.
You spent 321 gold pieces at shops.

Inventory:

Hand Weapons
 a - the +4 longbow of Fewiust (weapon) {velocity, rPois rF+}
   (Okawaru gifted it to you on level 14 of the Dungeon)

   Any arrow fired from it inflicts extra damage.
   It protects you from fire.
   It protects you from poison.
 b - the +6 executioner's axe of the Middle {venom, rF+}
   (Okawaru gifted it to you on level 1 of the Pits of Slime)

   It poisons the flesh of those it strikes.
   It protects you from fire.
 f - the +3 longbow "Arocuc" {velocity, -Tele +Fly Str+4 Dex+4}
   (Okawaru gifted it to you on level 2 of the Pits of Slime)

   Any arrow fired from it inflicts extra damage.
   It affects your strength (+4).
   It affects your dexterity (+4).
   It lets you fly.
   It prevents most forms of teleportation.
Missiles
 n - 727 arrows (quivered)
 H - 361 bolts
Armour
 y - the +0 pair of gloves of Prudence (worn) {rC+ rN+ Str+4}
   (You found it on level 6 of the Lair of Beasts)

   It affects your strength (+4).
   It protects you from cold.
   It protects you from negative energy.
 S - the +1 ring mail "Esunk" (worn) {rPois MR+ Str-2 Slay+3}
   (You found it on level 11 of the Dungeon)

   It affects your strength (-2).
   It affects your accuracy and damage with ranged weapons and melee attacks
   (+3).
   It protects you from poison.
   It affects your resistance to hostile enchantments.
 V - the +10 Black Knight's horse barding (worn) {ponderous, rPois rN+}
   (Okawaru gifted it to you on level 11 of the Dungeon)

   It protects you from poison.
   It protects you from negative energy.
 W - the +2 cloak of Curiosity (worn) {rN+ MR+ Int+2 Slay+3}
   (Okawaru gifted it to you on level 13 of the Dungeon)

   It affects your intelligence (+2).
   It affects your accuracy and damage with ranged weapons and melee attacks
   (+3).
   It protects you from negative energy.
   It affects your resistance to hostile enchantments.
 Y - a +2 hat (worn)
   (You found it on level 14 of the Dungeon)
 Z - the +8 plate armour "Befory" {Str-5 Int+4}
   (You found it on level 14 of the Dungeon)

   It affects your strength (-5).
   It affects your intelligence (+4).
Jewellery
 o - an uncursed ring of poison resistance
   (You found it on level 5 of the Dungeon)
 q - a +4 ring of dexterity (left hand)
   (You found it on level 3 of the Lair of Beasts)
 s - an amulet of faith (around neck) {!P}
   (You found it on level 7 of the Dungeon)
 t - a cursed ring of loudness {unknown}
   (You found it in a volcano)
 z - an uncursed ring of see invisible
   (You found it on level 11 of the Dungeon)
 C - a +5 ring of evasion
   (You found it on level 5 of the Dungeon)
 R - an uncursed amulet of guardian spirit {unknown}
   (You found it on level 10 of the Dungeon)
 T - a +4 ring of slaying (right hand)
   (You found it on level 9 of the Dungeon)
Wands
 c - a wand of disintegration (26) {!d}
   (You found it on level 11 of the Dungeon)
 d - a wand of iceblast (17)
   (You found it on level 6 of the Lair of Beasts)
 j - a wand of polymorph (11)
   (You found it on level 2 of the Lair of Beasts)
 u - a wand of paralysis (14)
   (You found it on level 7 of the Dungeon)
 v - a wand of digging (24)
   (You found it on level 10 of the Dungeon)
 x - a wand of acid (16)
   (You took it off Urug on level 14 of the Dungeon)
Scrolls
 g - 9 scrolls of teleportation {@r4}
 i - a scroll of fear
 k - 8 scrolls of remove curse {@r2}
 r - a scroll of identify {@r1}
 N - a scroll of summoning
 P - 5 scrolls of enchant weapon
 U - a scroll of brand weapon
Potions
 h - 3 potions of ambrosia
 l - 5 potions of curing {@q1}
 m - 3 potions of brilliance
 w - 5 potions of agility
 A - 3 potions of lignification {!q}
 B - a potion of invisibility
 D - a potion of haste {unknown}
 F - 4 potions of flight
 I - 3 potions of might
 L - 2 potions of berserk rage
 O - 2 potions of resistance
Books
 p - a book of Cantrips
   (You found it on level 2 of the Lair of Beasts)
 E - a book of Conjurations {!d}
   (You found it on level 1 of the Lair of Beasts)
 Q - the Incunabulum of the Evil Snowflakes
   (You found it on level 14 of the Dungeon)

   Spells                             Type                      Level
   a - Ensorcelled Hibernation        Hexes/Ice                    2
   b - Freezing Cloud                 Conjuration/Ice/Air          6
   c - Bolt of Cold                   Conjuration/Ice              6
   d - Simulacrum                     Ice/Necromancy               6
Miscellaneous
 K - 2 phantom mirrors
Comestibles
 e - 53 rations {!d}


   Skills:
 + Level 17.4 Fighting
 + Level 9.6(11.1) Axes
   Level 9.1(10.8) Polearms
 - Level 20.0 Bows
 + Level 11.1 Dodging
 - Level 0.4 Stealth
 + Level 5.2 Evocations


You had 16 spell levels left.
You didn't know any spells.

Dungeon Overview and Level Annotations

Branches:
Dungeon (15/15)            Temple (1/1) D:7            Lair (6/6) D:11
 Shoals (0/4) Lair:3       Spider (0/4) Lair:4        Slime (3/5) Lair:5
    Orc (2/2) D:9             Elf (0/3) Orc:2        Vaults (0/5) D:13
 Depths (0/5) D:15

Altars:
Ashenzari
Cheibriados
Dithmenos
Elyvilon
Fedhas
Gozag
Hepliaklqana
Kikubaaqudgha
Makhleb
Nemelex Xobeh
Okawaru
Qazlal
Ru
Sif Muna
Trog
Uskayaw
Vehumet
Wu Jian
Xom
Yredelemnul
Zin
The Shining One
Beogh
Jiyva

Shops:
D:6 !   D:9 %   D:12 =(   D:13 *   D:14 *   Orc:2 *[**

Annotations:
Slime:3 Dissolution


Innate Abilities, Weirdness & Mutations

You have hooves in place of feet.
Armour fits poorly on your strangely shaped body.
You cover ground very quickly.
You have extremely tough skin. (AC +3)
You are surrounded by a mild repulsion field. (EV +2)
Scrolls take you a little longer to read.
You are frail. (-10% HP)
Your magical capacity is low. (-10% MP)
You passively map the area around you.
Your muscles are strong. (Str +2)
Your spells are a little easier to cast, but a little less powerful.


Message History

The slime creature misses you.
Aim: a slime creature (severely wounded)
You shoot an arrow.
The arrow barely misses the slime creature.
Dissolution misses you.
Dissolution hits you but does no damage.
Aim: a slime creature (severely wounded)
You shoot an arrow. The arrow hits the slime creature.
The slime creature hits you but does no damage.
Dissolution hits you but does no damage.
Dissolution closely misses you.
Aim: a slime creature (almost dead)
You shoot an arrow. The arrow hits the slime creature!
You kill the slime creature!
Okawaru accepts your kill.
Aim: Dissolution (lightly wounded)
You shoot an arrow. The arrow hits Dissolution!!
Dissolution hits you!!
You are splashed with acid!
The acid burns!
Dissolution misses you.
Aim: Dissolution (moderately wounded)
You shoot an arrow. The arrow hits Dissolution!!
Dissolution misses you.
Dissolution hits you but does no damage.
Aim: Dissolution (moderately wounded)
You shoot an arrow.
The arrow hits Dissolution but does no damage.
Aim: Dissolution (moderately wounded)
You shoot an arrow. The arrow hits Dissolution!!
Dissolution says, "Jiyva sees all!"
Aim: Dissolution (heavily wounded)
You shoot an arrow. The arrow barely misses Dissolution.
The arrow hits the floating eye!!
You kill the floating eye!
Dissolution says, "Jiyva sees all!"
Aim: Dissolution (heavily wounded)
You shoot an arrow. The arrow hits Dissolution!
Aim: Dissolution (severely wounded)
You shoot an arrow. The arrow hits Dissolution!!
Dissolution hits you!!
* * * LOW HITPOINT WARNING * * *
You are splashed with acid!
The acid burns!
* * * LOW HITPOINT WARNING * * *
Dissolution hits you but does no damage.
The floating eye seems to glare at you. x2
Dissolution hits you!!
* * * LOW HITPOINT WARNING * * *
The acid corrodes you!
You are splashed with acid!
The acid burns!
* * * LOW HITPOINT WARNING * * *
Dissolution closely misses you.
The floating eye gazes piercingly through you!
You suddenly lose the ability to move!
Dissolution hits you!!
You die...

##*#### ##.##..## ##.......
#....(..### #..#..#..####
###....GJGG.#.## * *
##.(....G.@.....# .##
#**##.^.......(....## ..#
##.##................###.##
J#.....................(...# *
.J.((.....................# ,
* ...(............>.......###,
*
........#.................##.#
...##...........(............#
.. ##........................#


You could see Dissolution, a great orb of eyes, an eye of draining and 2
floating eyes.

Vanquished Creatures
  10 acid blobs
  Gastronok (D:12)
  A sphinx (D:14)
  2 azure jellies (Slime:2)
  A death ooze (Slime:3)
  Fannar (Lair:1)
  A fire dragon (D:15)
  2 great orbs of eyes
  10 hydras
  A rakshasa (D:15)
  A death knight (D:14)
  4 catoblepae
  A vault guard (D:13)
  2 tengu warriors (D:15)
  5 death yaks (Lair:6)
  5 centaur warriors (D:14)
  13 two-headed ogres
  A deep troll earth mage (D:14)
  Urug (D:14)
  Nergalle (Lair:1)
  A fire crab (Volcano)
  10 skeletal warriors
  A wizard (D:14)
  2 unseen horrors
  6 orc knights
  A flayed ghost (D:14)
  A lindwurm (Volcano)
  A phantasmal warrior (D:15)
  4 necromancers
  3 deep elf magi
  A fire giant zombie (D:15)
  A stone giant zombie (D:15)
  25 ugly things
  A wolf spider zombie (D:15)
  3 shining eyes (Slime:2)
  An orc sorcerer (Orc:2)
  9 cyclopes
  6 manticores
  A water nymph (shapeshifter) (D:11)
  Joseph (D:10)
  19 elephants
  4 black mambas
  An eye of devastation (Slime:3)
  2 molten gargoyles (Volcano)
  4 gargoyles
  2 centaur skeletons
  9 komodo dragons
  8 spiny frogs
  A kobold demonologist (D:11)
  5 rime drakes
  4 tengu conjurers
  The ghost of Deebo the Cudgeler, an amateur TrCK of Xom (D:5)
  3 freezing wraiths
  A queen bee (D:11)
  A jumping spider (Lair:4)
  A meliai (shapeshifter) (D:14)
  A jumping spider (shapeshifter) (D:14)
  A queen bee (shapeshifter) (D:15)
  2 meliai (D:14)
  4 trolls
  16 blink frogs
  54 slime creatures
  8 dream sheep
  A meliai zombie (D:15)
  14 hippogriffs
  An ettin zombie (D:15)
  A water elemental (D:14)
  A deep troll skeleton (D:15)
  2 vampires
  2 shadows (D:14)
  8 fire bats (Volcano)
  4 wyverns
  3 golden eyes (Slime:2)
  4 wraiths
  4 basilisks
  50 yaks
  20 humans (D:13)
  4 vampire mosquitoes (D:13)
  2 hungry ghosts
  Eustachio (D:6)
  A golden eye (shapeshifter) (D:14)
  Menkaure (D:4)
  4 wargs
  2 hell hounds (Volcano)
  3 acid dragons
  5 water moccasins
  11 porcupines
  3 black bears
  7 eyes of draining
  7 ice beasts
  6 phantoms
  5 sky beasts
  12 ogres
  33 orc warriors
  4 necrophages
  12 wolves (Lair:3)
  22 centaurs
  17 crocodiles
  A crocodile (shapeshifter) (D:14)
  3 big kobolds (D:10)
  25 bullfrogs
  A wyvern zombie (D:8)
  3 wyvern skeletons
  4 scorpions
  32 killer bees
  3 troll zombies (D:9)
  2 howler monkeys (D:12)
  18 wights
  2 electric eels (D:14)
  3 bullfrog zombies
  5 centaur zombies
  9 lava snakes (Volcano)
  8 crimson imps
  6 jellies
  33 orc wizards
  2 bullfrog skeletons
  18 orc priests
  9 hounds
  A gnoll shaman (D:8)
  7 iguanas
  16 worker ants
  5 ogre zombies (D:9)
  A hound zombie (D:8)
  A hound skeleton (D:10)
  A howler monkey zombie (D:11)
  14 adders
  9 gnolls
  6 shadow imps
  An ooze (D:1)
  2 adder zombies
  3 adder skeletons
  4 dart slugs (D:1)
  3 leopard geckos
  70 orcs
  7 bats
  3 giant cockroaches
  8 goblins
  9 hobgoblins
  10 jackals
  5 quokkas
  3 frilled lizards
  A goblin skeleton (D:9)
  4 goblin zombies (D:9)
  3 hobgoblin skeletons (D:9)
  A hobgoblin zombie (D:9)
  5 kobolds
  A leopard gecko skeleton (D:4)
  An orc skeleton (D:9)
  15 orc zombies (D:9)
  2 quokka skeletons
  2 rats
  A withered plant (D:15)
984 creatures vanquished.

Vanquished Creatures (others)
  A fungus (Lair:6)
  2 plants (D:11)
  2 withered plants (D:15)
5 creatures vanquished.

Grand Total: 989 creatures vanquished

Notes
Turn   | Place    | Note
-------+----------+-------------------------------------------
     0 | D:1      | n0claF the Centaur Hunter began the quest for the Orb.
     0 | D:1      | Reached XP level 1. HP: 17/17 MP: 1/1
   197 | D:1      | Reached XP level 2. HP: 25/25 MP: 2/2
   463 | D:1      | Reached skill level 6 in Bows
   468 | D:1      | Reached XP level 3. HP: 30/30 MP: 3/3
  1297 | D:2      | Reached XP level 4. HP: 38/38 MP: 4/4
  2057 | D:3      | Found a shimmering altar of Xom.
  2061 | D:3      | Found an iron altar of Okawaru.
  2062 | D:3      | Found a burning altar of Makhleb.
  2062 | D:3      | Found a hide-covered altar of Uskayaw.
  2062 | D:3      | Found a sacrificial altar of Ru.
  2069 | D:3      | Became a worshipper of Warmaster Okawaru
  2253 | D:3      | Found a basalt altar of Yredelemnul.
  2649 | D:4      | Reached skill level 7 in Bows
  2649 | D:4      | Reached XP level 5. HP: 25/46 MP: 5/5
  3414 | D:4      | Noticed an ogre
  3430 | D:4      | Killed an ogre
  3430 | D:4      | Reached XP level 6. HP: 37/53 MP: 6/6
  3662 | D:4      | Noticed Menkaure
  3719 | D:4      | Killed Menkaure
  3719 | D:4      | Reached * piety under Okawaru
  3719 | D:4      | Reached skill level 5 in Fighting
  3719 | D:4      | Reached skill level 8 in Bows
  3985 | D:4      | Found a faded altar of an unknown god.
  3985 | D:4      | Found a bloodstained altar of Trog.
  3990 | D:4      | Found a glowing golden altar of the Shining One.
  3992 | D:4      | Found a faded altar of an unknown god.
  3994 | D:4      | Found a snail-covered altar of Cheibriados.
  4094 | D:4      | Reached XP level 7. HP: 44/61 MP: 7/7
  4256 | D:5      | Entered Level 5 of the Dungeon
  4268 | D:5      | Noticed Deebo's ghost (amateur TrCK)
  4722 | D:5      | Reached skill level 9 in Bows
  5148 | D:5      | Killed Deebo's ghost
  5148 | D:5      | Reached ** piety under Okawaru
  5148 | D:5      | Reached skill level 10 in Bows
  5148 | D:5      | Reached XP level 8. HP: 71/71 MP: 8/8
  5545 | D:5      | Reached skill level 11 in Bows
  6361 | D:6      | Found Buba's Distillery.
  6386 | D:6      | Found a shimmering altar of Xom.
  6388 | D:6      | Found a shimmering altar of Xom.
  6389 | D:6      | Found a shimmering altar of Xom.
  6391 | D:6      | Found a shimmering altar of Xom.
  6404 | D:6      | Reached *** piety under Okawaru
  6644 | D:6      | Reached XP level 9. HP: 74/82 MP: 9/9
  6780 | D:6      | Reached skill level 12 in Bows
  6996 | D:6      | Received a gift from Okawaru
  7090 | D:6      | Noticed Eustachio
  7134 | D:6      | Killed Eustachio
  7431 | D:7      | Found a staircase to the Ecumenical Temple.
  7636 | D:7      | Reached **** piety under Okawaru
  7805 | D:7      | Found a white marble altar of Elyvilon.
  7988 | Temple   | Entered the Ecumenical Temple
  8187 | D:7      | Reached skill level 13 in Bows
  8656 | D:8      | Noticed a two-headed ogre
  8679 | D:8      | Killed a two-headed ogre
  8679 | D:8      | Received a gift from Okawaru
  8679 | D:8      | Reached skill level 10 in Fighting
  8679 | D:8      | Reached XP level 10. HP: 94/94 MP: 10/10
  8686 | D:8      | Reached ***** piety under Okawaru
  8750 | D:8      | Noticed a two-headed ogre
  8768 | D:8      | Killed a two-headed ogre
  8768 | D:8      | Reached skill level 14 in Bows
  8866 | D:8      | Received a gift from Okawaru
  9273 | D:8      | Found an opulent altar of Gozag.
  9610 | D:8      | Found a deep blue altar of Sif Muna.
 10000 | D:9      | Reached skill level 15 in Bows
 10287 | D:9      | Found a staircase to the Orcish Mines.
 10695 | D:9      | Found Odiapt's Food Emporium.
 10793 | D:9      | Found a shattered altar of Ashenzari.
 11376 | D:9      | Noticed a two-headed ogre
 11421 | D:9      | Killed a two-headed ogre
 11421 | D:9      | Reached skill level 1 in Polearms
 11421 | D:9      | Reached XP level 11. HP: 11/103 MP: 11/11
 12095 | D:9      | Noticed a two-headed ogre
 12122 | D:9      | Killed a two-headed ogre
 12189 | D:10     | Entered Level 10 of the Dungeon
 12197 | D:10     | Noticed Joseph
 12208 | D:10     | Killed Joseph
 12234 | D:10     | Noticed a two-headed ogre
 12235 | D:10     | Noticed a two-headed ogre
 12256 | D:10     | Killed a two-headed ogre
 12268 | D:10     | Killed a two-headed ogre
 12318 | D:10     | Received a gift from Okawaru
 12440 | D:10     | Found a roughly hewn altar of Beogh.
 13014 | D:10     | Received a gift from Okawaru
 13078 | D:10     | Noticed a three-headed hydra
 13092 | D:10     | Killed a one-headed hydra
 13444 | D:11     | Reached skill level 5 in Polearms
 13652 | D:11     | Found a staircase to the Lair.
 13658 | D:11     | Received a gift from Okawaru
 13658 | D:11     | Reached XP level 12. HP: 114/114 MP: 12/12
 14094 | D:11     | Noticed a two-headed ogre
 14094 | D:11     | Noticed a four-headed hydra
 14115 | D:11     | Killed a two-headed ogre
 14121 | D:11     | Killed a one-headed hydra
 14121 | D:11     | Reached skill level 5 in Dodging
 14543 | D:11     | Received a gift from Okawaru
 14927 | D:11     | Got a spiked plate armour
 14937 | D:11     | Got a brightly glowing ring mail
 14944 | D:11     | Reached ****** piety under Okawaru
 14951 | D:11     | Received a gift from Okawaru
 15464 | D:11     | Received a gift from Okawaru
 15465 | D:11     | Found the +10 Black Knight's horse barding {ponderous, rPois rN+}
 15996 | D:11     | Identified the +1 plate armour "Beroap" {*Slow +Inv rPois Int-2} (You found it on level 11 of the Dungeon)
 16006 | D:11     | Identified the cursed +1 ring mail "Esunk" {rPois MR+ Str-2 Slay+3} (You found it on level 11 of the Dungeon)
 16202 | D:12     | Noticed Gastronok
 16211 | D:12     | Killed Gastronok
 16277 | D:12     | Found Bepteval's Jewellery Shop.
 16653 | D:12     | Reached XP level 13. HP: 77/123 MP: 13/13
 17063 | D:12     | Found Kadoraud's Weapon Shop.
 17082 | D:12     | Bought a +2 longbow of flaming for 321 gold pieces
 17255 | D:13     | Received a gift from Okawaru
 17336 | D:13     | Received a gift from Okawaru
 17474 | D:13     | Got a slimy cloak {god gift}
 17660 | D:13     | Found a gate to the Vaults.
 17954 | D:13     | Found Fapu's Changing Room.
 17965 | D:13     | Found a snail-covered altar of Cheibriados.
 18325 | D:13     | Received a gift from Okawaru
 18347 | D:13     | Identified the +2 cloak of Curiosity {rN+ MR+ Int+2 Slay+3} (Okawaru gifted it to you on level 13 of the Dungeon)
 18711 | D:14     | Reached skill level 1 in Axes
 18725 | D:14     | Reached skill level 16 in Bows
 19079 | D:13     | Reached skill level 15 in Fighting
 20049 | D:14     | Reached XP level 14. HP: 120/134 MP: 4/14
 20062 | D:14     | Noticed Urug
 20070 | D:14     | Killed Urug
 20379 | D:14     | Received a gift from Okawaru
 20394 | D:14     | Received a gift from Okawaru
 20578 | D:14     | Got a bloodstained longbow {god gift}
 20583 | D:14     | Identified the +4 longbow of Fewiust {velocity, rPois rF+} (Okawaru gifted it to you on level 14 of the Dungeon)
 20859 | D:14     | Found Xoppajyr's Sacrilege Store.
 20865 | D:14     | Found a burning altar of Makhleb.
 21274 | D:14     | Reached skill level 17 in Bows
 21277 | D:14     | Received a gift from Okawaru
 21630 | D:14     | Received a gift from Okawaru
 21682 | D:14     | Noticed a sphinx
 21688 | D:14     | Killed a sphinx
 21688 | D:14     | Received a gift from Okawaru
 21688 | D:14     | Received a gift from Okawaru
 21755 | D:14     | Received a gift from Okawaru
 21809 | D:14     | Identified the Incunabulum of the Evil Snowflakes
 21812 | D:14     | Got a bloodstained plate armour
 21828 | D:14     | Identified the +8 plate armour "Befory" {Str-5 Int+4} (You found it on level 14 of the Dungeon)
 22193 | D:15     | Entered Level 15 of the Dungeon
 22571 | D:15     | Received a gift from Okawaru
 22854 | D:15     | Reached skill level 18 in Bows
 22856 | D:15     | Found a staircase to the Depths.
 23094 | D:15     | Reached skill level 5 in Axes
 23249 | D:15     | Received a gift from Okawaru
 23249 | D:15     | Reached XP level 15. HP: 142/142 MP: 15/15
 23310 | D:15     | Received a gift from Okawaru
 23332 | D:15     | Received a gift from Okawaru
 23658 | Lair:1   | Entered Level 1 of the Lair of Beasts
 23772 | Lair:1   | Noticed Nergalle
 23776 | Lair:1   | Killed Nergalle
 23993 | Lair:1   | Noticed Fannar
 24010 | Lair:1   | Killed Fannar
 24781 | Lair:2   | Received a gift from Okawaru
 25088 | Lair:2   | Reached skill level 19 in Bows
 25464 | Lair:3   | Found a staircase to the Shoals.
 25475 | Lair:3   | Received a gift from Okawaru
 26738 | Lair:4   | Received a gift from Okawaru
 26739 | Lair:4   | Got a smoking centaur barding {god gift}
 26750 | Lair:4   | Identified the +4 centaur barding of Mumblety Peg {rF+ Str+5} (Okawaru gifted it to you on level 4 of the Lair of Beasts)
 27235 | Lair:4   | Found a hole to the Spider Nest.
 27263 | Lair:4   | Got an ancient leather armour
 27290 | Lair:4   | Identified the +3 leather armour "Anuckiac" {rN++ MR+} (You found it on level 4 of the Lair of Beasts)
 27610 | Lair:5   | Found a runed door.
 27611 | Lair:5   | Found a viscous altar of Jiyva.
 27611 | Lair:5   | Noticed an acid blob
 27619 | Lair:5   | Found a staircase to the Slime Pits.
 28582 | Lair:6   | Entered Level 6 of the Lair of Beasts
 28592 | Lair:6   | Got a pair of crude gloves
 28603 | Lair:6   | Identified the +0 pair of gloves of Prudence {rC+ rN+ Str+4} (You found it on level 6 of the Lair of Beasts)
 28625 | Lair:6   | Reached XP level 16. HP: 151/151 MP: 16/16
 28650 | Lair:6   | Received a gift from Okawaru
 28651 | Lair:6   | Got a fabulously ornate robe {god gift}
 28677 | Lair:6   | Identified the +0 robe "Fakieli" {rF+ rC- Str+5 Stlth+} (Okawaru gifted it to you on level 6 of the Lair of Beasts)
 28966 | Lair:6   | Reached skill level 10 in Dodging
 29008 | Lair:6   | Reached skill level 20 in Bows
 29794 | D:9      | Gained mutation: You are clumsy. (Dex -2) [potion of mutation]
 29794 | D:9      | Gained mutation: You are surrounded by a mild repulsion field. (EV +2) [potion of mutation]
 29794 | D:9      | Gained mutation: You are very clumsy. (Dex -4) [potion of mutation]
 29794 | D:9      | Gained mutation: You passively map a small area around you. [potion of mutation]
 29795 | D:9      | Lost mutation: You are very clumsy. (Dex -4) [potion of mutation]
 29795 | D:9      | Lost mutation: You are clumsy. (Dex -2) [potion of mutation]
 29795 | D:9      | Gained mutation: You passively map the area around you. [potion of mutation]
 29795 | D:9      | Gained mutation: Your muscles are strong. (Str +2) [potion of mutation]
 29812 | Orc:1    | Entered Level 1 of the Orcish Mines
 29833 | Orc:1    | Found a roughly hewn altar of Beogh.
 30327 | Orc:1    | Found a dark tunnel.
 30332 | Volcano  | Entered a volcano
 30698 | Volcano  | Found a radiant altar of Vehumet.
 30845 | Volcano  | Reached skill level 1 in Evocations
 31105 | Orc:2    | Entered Level 2 of the Orcish Mines
 31173 | Orc:2    | Found a staircase to the Elven Halls.
 31290 | Orc:2    | Found a roughly hewn altar of Beogh.
 31479 | Orc:2    | Received a gift from Okawaru
 31543 | Orc:2    | Found Motokhle's Armour Shop.
 31543 | Orc:2    | Found Hailixi's Assorted Antiques.
 31545 | Orc:2    | Found Qamilaj's General Store.
 31547 | Orc:2    | Found Daddiofo's Assorted Antiques.
 32247 | Lair:5   | Killed an acid blob
 32411 | Slime:1  | Entered Level 1 of the Pits of Slime
 32432 | Slime:1  | Received a gift from Okawaru
 32433 | Slime:1  | Got a brightly glowing executioner's axe {god gift}
 32585 | Slime:1  | Identified the +6 executioner's axe of the Middle {venom, rF+} (Okawaru gifted it to you on level 1 of the Pits of Slime)
 32764 | Slime:2  | Noticed an acid blob
 32773 | Slime:2  | Noticed an acid blob
 32774 | Slime:2  | Killed an acid blob
 33433 | Slime:2  | Noticed an acid blob
 33436 | Slime:2  | Killed an acid blob
 33436 | Slime:2  | Received a gift from Okawaru
 33446 | Slime:2  | Noticed an acid blob
 33452 | Slime:2  | Killed an acid blob
 33499 | Slime:2  | Noticed an acid blob
 33499 | Slime:2  | Killed an acid blob
 33499 | Slime:2  | Received a gift from Okawaru
 33504 | Slime:2  | Killed an acid blob
 33675 | Slime:2  | Noticed an acid blob
 33677 | Slime:2  | Killed an acid blob
 33677 | Slime:2  | Received a gift from Okawaru
 33678 | Slime:2  | Got a transparent longbow {god gift}
 33679 | Slime:2  | Identified the +3 longbow "Arocuc" {velocity, -Tele +Fly Str+4 Dex+4} (Okawaru gifted it to you on level 2 of the Pits of Slime)
 33806 | Slime:2  | Reached XP level 17. HP: 161/161 MP: 20/20
 33816 | Slime:2  | Noticed an acid blob
 33819 | Slime:2  | Killed an acid blob
 34807 | Slime:1  | Noticed an acid blob
 34815 | Slime:1  | Killed an acid blob
 35195 | Slime:1  | Gained mutation: Your magical capacity is low. (-10% MP) [a shining eye]
 35197 | Slime:1  | Gained mutation: You are frail. (-10% HP) [a shining eye]
 35714 | Slime:1  | Gained mutation: Scrolls take you a little longer to read. [a shining eye]
 35732 | Slime:1  | Reached skill level 5 in Evocations
 35868 | Slime:3  | Noticed an acid blob
 35875 | Slime:3  | Killed an acid blob
 35875 | Slime:3  | Received a gift from Okawaru
 36187 | Slime:3  | Noticed Dissolution
 36213 | Slime:3  | Gained mutation: Your spells are a little easier to cast, but a little less powerful. [a shining eye]
 36404 | Slime:3  | HP: 1/145 [acid (9)]
 36404 | Slime:3  | Paralysed by a floating eye for 2 turns
 36405 | Slime:3  | Demolished by Dissolution

Skill      XL: |  1  2  3  4  5  6  7  8  9 10 11 12 13 14 15 16 17 |
---------------+----------------------------------------------------+-----
Bows           | 6 7 8 10 11 13 15 16 18 19 20 | 20.0
Fighting       | 3 4 5 6 8 10 12 13 14 15 16 17 | 17.4
Polearms       | 1 5 7 9 |  9.1
Dodging        | 4 6 8 9 10 11 | 11.1
Axes           | 2 5 7 9 |  9.6
Evocations     | 4 5 |  5.2
Stealth        | |  0.4

Action                   |  1- 3 |  4- 6 |  7- 9 | 10-12 | 13-15 | 16-18 || total
-------------------------+-------+-------+-------+-------+-------+-------++-------
Melee: Short sword       |   104 |       |       |       |       |       ||   104
       Kick              |    22 |    24 |    45 |    77 |     8 |     4 ||   180
       Spear             |     2 |   118 |   141 |       |       |       ||   261
       Rapier            |       |       |    56 |    83 |       |       ||   139
       Trident           |       |       |    12 |       |       |       ||    12
       Halberd           |       |       |       |   155 |       |       ||   155
       Battleaxe         |       |       |       |       |    22 |       ||    22
       Executioner's axe |       |       |       |       |       |     6 ||     6
       Longbow           |       |       |       |       |       |     1 ||     1
 Fire: Shortbow          |     2 |    43 |   346 |   879 |    31 |       ||  1301
       Longbow           |       |       |       |       |  1100 |   678 ||  1778
Invok: Heroism           |       |       |       |       |     2 |       ||     2
  Use: Scroll            |       |       |    10 |    11 |    18 |     3 ||    42
       Potion            |       |       |       |       |       |     5 ||     5
  Eat: Chunk             |       |     8 |    13 |     9 |    29 |     8 ||    67
       Ration            |       |       |       |     3 |     1 |     4 ||     8
Armor: Leather armour    |    15 |       |       |       |       |       ||    15
       Ring mail         |    27 |    23 |       |    23 |   230 |    90 ||   393
       Plate armour      |       |    43 |   161 |   274 |       |       ||   478
       Skin              |       |       |     2 |       |       |       ||     2
Dodge: Dodged            |    50 |    22 |    60 |   135 |   194 |   122 ||   583
